 Dungeon Crawl Stone Soup version 0.27-a0-1123-g2f9bb313c0 (webtiles) character file.

Game seed: 14881723829700777524

76 wakim the Conjurer (level 4, -5/27 HPs)
             Began as an Octopode Conjurer on May 3, 2021.
             Slain by a kobold brigand
             ... wielding a +0 dagger
              (10 damage)
             ... on level 3 of the Dungeon.
             The game lasted 00:06:05 (3262 turns).

wakim the Conjurer (Octopode Conjurer)              Turns: 3262, Time: 00:06:05

Health: -5/27      AC:  1    Str:  6    XL:     4   Next: 32%
Magic:  0/7        EV: 17    Int: 21    God:
Gold:   67         SH:  0    Dex: 10    Spells: 4/8 levels left

rFire    . . .     SeeInvis .   a - +0 spear
rCold    . . .     Faith    .   (no shield)
rNeg     . . .     Spirit   .   (helmet restricted)
rPois    .         Reflect  .   (no amulet)
rElec    .         Harm     .   b - +4 ring of evasion
rCorr    .         Rampage  .   (no ring)
Will     .....                  (no ring)
Stlth    +++.......             (no ring)
HPRegen  0.09/turn              (no ring)
MPRegen  0.10/turn              (no ring)
                                (no ring)
                                (no ring)

@: no status effects
A: almost no armour, amphibious, 8 rings, camouflage 1, gelatinous body 1,
(nimble swimmer 1), tentacles
a: no special abilities


You were on level 3 of the Dungeon.
You visited 1 branch of the dungeon, and saw 3 of its levels.

You collected 67 gold pieces.

Inventory:

Hand Weapons
 a - a +0 spear (weapon)
Jewellery
 b - a +4 ring of evasion (left tentacle)
Scrolls
 T - a scroll of teleportation
Potions
 c - a potion of mutation {unknown}
 d - a potion of lignification {unknown}
 e - a potion of curing {unknown}
 I - a potion of invisibility


   Skills:
 - Level 2.0 Dodging
 + Level 3.9 Stealth
 + Level 2.6 Spellcasting
 * Level 4.9 Conjurations


You had 4 spell levels left.
You knew the following spells:

 Your Spells              Type           Power      Damage    Failure   Level
a - Magic Dart            Conj           92%        1d7       1%          1
b - Foxfire               Conj/Fire      52%        2x1d6     4%          1
s - Searing Ray           Conj           46%        3d4       2%          2

Your spell library contained the following spells:

 Spells                   Type           Power      Damage    Failure   Level
 Summon Small Mammal      Summ           8%         N/A       14%         1
 Conjure Flame            Conj/Fire      13%        6-21      16%         3
 Dazzling Flash           Conj/Hex       26%        N/A       16%         3
 Call Imp                 Summ           2%         N/A       22%         2
 Call Canine Familiar     Summ           2%         N/A       38%         3
 Inner Flame              Hex/Fire       2%         N/A       38%         3
 Summon Guardian Golem    Hex/Summ       2%         N/A       38%         3
 Fulminant Prism          Conj/Hex       6%         3d7       45%         4
 Iskenderun's Mystic Bla  Conj/Tloc      13%        2d5       45%         4
 Sticky Flame             Conj/Fire      13%        2d4       45%         4
 Summon Ice Beast         Ice/Summ       2%         N/A       80%         4
 Summon Lightning Spire   Summ/Air       2%         N/A       80%         4
 Fireball                 Conj/Fire      6%         3d5       80%         5


Dungeon Overview and Level Annotations

Branches:
Dungeon (3/15)

Altars:


Innate Abilities, Weirdness & Mutations

You cannot wear most types of armour.
You are amphibious.
You can wear up to eight rings at the same time.
Your skin changes colour to match your surroundings (Stealth+).
Your rubbery body absorbs attacks. (AC +1, EV +1)
((You are camouflaged near water. (Stealth+)))
You have tentacles for arms and can constrict up to eight enemies at once.


Message History

You feel sick.
The kobold brigand hits you with a +0 dagger!
Unknown command.
You hit the kobold brigand but do no damage.
Your grab misses the kobold brigand.
The kobold brigand is heavily wounded.
You feel sick.
You are no longer poisoned.
The kobold brigand misses you.
The kobold brigand throws a poisoned dart.
The poisoned dart barely misses you.
The kobold brigand throws a poisoned dart.
The poisoned dart completely misses you.
The kobold brigand throws a poisoned dart.
The poisoned dart hits you!
You are poisoned.
You feel very sick.
You feel sick.
You feel sick.
You feel sick.
You feel sick.
You feel sick.
Casting: Searing Ray (safe; 2% risk of failure)
Confirm with . or Enter, or press ? or * to list all spells.
Aiming: Searing Ray (safe; 2% risk of failure)
Press: ? - help, Shift-Dir - straight line, f/p - kobold brigand
Aim: a kobold brigand, wielding a +0 dagger and quivering poisoned darts (heavily wounded, 72% to hit)
The searing ray hits the kobold brigand!
The kobold brigand is almost dead. (Press . to maintain the ray.)
You feel sick.
The kobold brigand throws a poisoned dart.
The poisoned dart barely misses you.
The searing ray hits the kobold brigand.
The kobold brigand is almost dead.
You feel sick.
You are no longer poisoned.
Without enough magic to sustain it, your searing ray dissipates.
The kobold brigand hits you with a +0 dagger!
You die...

#..#.# #.#.#
#..#.# #.#.#####
#..#
#####.#..K..##
#.......#.#..#
#......##.##.#
....#.#..###..#
...
#.##..##..####.#
.
###[.###.......#
#..##@##.######
##..#K#..#
##.....##
#.....##
#......#.##
#..#.#<#.#
......#.#.#
...$###.#.# ....
..#.#


You could see a kobold brigand.

Vanquished Creatures
  2 adders (D:2)
  2 dart slugs
  An orc (D:3)
  6 endoplasms
  3 giant cockroaches (D:2)
  4 goblins
  5 hobgoblins
  6 jackals (D:1)
  3 kobolds
  A quokka (D:2)
  5 ball pythons
  5 bats
  2 frilled lizards (D:3)
  4 rats
49 creatures vanquished.

Notes
Turn   | Place    | Note
-------+----------+-------------------------------------------
     0 | D:1      | wakim the Octopode Conjurer began the quest for the Orb.
     0 | D:1      | Reached XP level 1. HP: 11/11 MP: 3/3
   288 | D:1      | Reached XP level 2. HP: 13/17 MP: 1/5
   360 | D:1      | Learned a level 2 spell: Searing Ray
   640 | D:1      | Found a faded altar of an unknown god.
  1100 | D:2      | Reached XP level 3. HP: 21/21 MP: 0/6
  1167 | D:2      | Learned a level 1 spell: Foxfire
  2033 | D:2      | Reached XP level 4. HP: 27/27 MP: 7/7
  3190 | D:3      | Noticed a kobold brigand
  3262 | D:3      | Slain by a kobold brigand

Illustrated notes

Levels and vault maps discovered:
D:1:      dpeg_arrival_lava_altar, layout_rooms,
          shapermc_ecumenical_altar_hornbeckon
D:2:      layout_loops_ring, chequers_serial_rivers_marsh, corexii_corridor_pit,
          minmay_misc_feat_enclosed, kennysheep_generic_room_4
D:3:      layout_basic, serial_park_tiny_2, minmay_between

Skill      XL: |  1 |
---------------+----+-----
Stealth        | 3 |  3.9
Dodging        | |  2.0
Spellcasting   | |  2.6
Conjurations   | |  4.9

Action                   |  1- 3 |  4- 6 || total
-------------------------+-------+-------++-------
Melee: Whip              |    12 |    14 ||    26
       Tentacles         |     5 |       ||     5
       Constrict         |     5 |     3 ||     8
       Spear             |       |     2 ||     2
 Cast: Magic Dart        |    45 |     9 ||    54
       Searing Ray       |     6 |     7 ||    13
  Use: Scroll            |     2 |     2 ||     4
 Stab: Sleeping          |     1 |     1 ||     2
Dodge: Dodged            |    13 |    18 ||    31

Table legend: (Time is in decaauts)
 A = Elapsed time spent in this place.
 B = Non-inter-level travel time spent in this place.
 C = Inter-level travel time spent in this place.
 D = Time resting spent in this place.
 E = Time spent auto-exploring this place.
 F = Levels seen in this place.
 G = Mean time per level.
                   A        B        C        D        E       F      G
               +--------+--------+--------+--------+--------+-----+--------+
         Total |   3262 |   3100 |    162 |    128 |   2633 |   3 | 1087.3 |
       Dungeon |   3262 |   3100 |    162 |    128 |   2633 |   3 | 1087.3 |
               +--------+--------+--------+--------+--------+-----+--------+

Top non-repeatable levels by time:
     D:2: 1440 daAuts
     D:1: 994 daAuts
     D:3: 827 daAuts
